 Dungeon Crawl Stone Soup version 0.29.0-15-g675c0067aa (webtiles) character file.

Game seed: 11396064303997933867

65 qw the Sneak (level 4, -8/28 HPs)
             Began as a Gargoyle Delver on Sept 11, 2022.
             Mangled by an iguana (10 damage)
             ... on level 5 of the Dungeon.
             The game lasted 00:00:02 (34 turns).

qw the Sneak (Gargoyle Delver)                        Turns: 34, Time: 00:00:03

Health: -8/28      AC:  6    Str: 18    XL:     4   Next: 14%
Magic:  4/4        EV: 11    Int: 10    God:
Gold:   0          SH:  0    Dex: 11    Spells: 3/3 levels left

rFire   . . .      SeeInvis .   a - +0 hand axe
rCold   . . .      Faith    .   (no shield)
rNeg    + . .      Spirit   .   b - +0 leather armour
rPois   inf        Reflect  .   (no helmet)
rElec   +          Harm     .   (no cloak)
rCorr   .          Rampage  .   (no gloves)
Will    .....                   (no boots)
Stlth   +++.......              (no amulet)
HPRegen 0.09/turn               (no ring)
MPRegen 0.09/turn               (no ring)

@: no status effects
A: sickness immunity, AC +3, negative energy resistance 1, electricity
resistance, torment resistance 1, petrification resistance
a: no special abilities


You were on level 5 of the Dungeon.
You visited 1 branch of the dungeon, and saw 1 of its levels.


Innate Abilities, Weirdness & Mutations

You are immune to sickness and miasma.
Your stone body is resilient. (AC +3)
You are immune to poison.
You resist negative energy. (rN+)
You are resistant to electric shocks. (rElec)
You are resistant to unholy torment.
You are immune to petrification.


   Skills:
 - Level 3.2 Fighting
 + Level 3.9 Axes
 - Level 1.5 Dodging
 - Level 5.4 Stealth


You had 3 spell levels left.
You didn't know any spells.
Your spell library was empty.

Inventory:

Hand Weapons
 a - a +0 hand axe (weapon)
Armour
 b - a +0 leather armour (worn)
Wands
 g - a wand of digging (3)
Scrolls
 c - a scroll of fog
 d - a scroll of magic mapping
 e - a scroll of fear
Potions
 f - a potion of haste

Dungeon Overview and Level Annotations

Branches:
Dungeon (5/15)
 Temple: D:4-7

Altars:


Message History

The howler monkey is heavily wounded.
The howler monkey hits you.
The howler monkey hoots and howls with incredible vigour!
You hear an angry hiss.
You hear a bark!
Something shouts, "Get thee gone, thou errant moon-mazed nert!"
You hear a shout! x2; You hear an angry hiss.
You hear a loud, deep croak!
You hit the howler monkey.
The howler monkey is severely wounded.
The howler monkey barely misses you.
You hit the howler monkey but do no damage.
The howler monkey is severely wounded.
The howler monkey closely misses you.
You hit the howler monkey.
You kill the howler monkey!
Your Axes skill gained 2 levels and is now at level 3!
You have reached level 2!
You have reached level 3!
Your experience leads to an increase in your attributes!
Increase (S)trength, (I)ntelligence, or (D)exterity?
You feel stronger. x2
You start resting.
A hound comes into view.
An iguana comes into view.
26 ||| Stepping ~*~*~tactically~*~*~ (stealth).
27 ||| Stepping ~*~*~tactically~*~*~ (stealth).
The hound barks!
28 ||| Stepping ~*~*~tactically~*~*~ (stealth).
You hit the hound.
The hound is heavily wounded.
The hound bites you but does no damage.
An ice beast comes into view.
The hound bites you but does no damage.
You slash the hound!
The hound is almost dead.
The hound bites you. x2
You hit the hound.
You kill the hound!
You have reached level 4!
You feel stronger.
You hit the iguana but do no damage. The iguana bites you.
The iguana bites you!
You die...

#######
#.....# .
#.....# ....
#.....#
.....##.....##
....Y..@....>#
.##....%l...##
#..##.(....#
#..........#
..##......# #.
#..####.# #
#... #.# #..#
#.# ... #.#


You could see an ice beast and an iguana.

Vanquished Creatures
  A howler monkey (D:5)
  A hound (D:5)
2 creatures vanquished.

Notes
Turn   | Place    | Note
-------+----------+-------------------------------------------
     0 | D:5      | qw the Gargoyle Delver began the quest for the Orb.
     0 | D:5      | Reached XP level 1. HP: 14/14 MP: 1/1
     0 | D:5      | 0 ||| qw: Version: 0.1-a-118-gb4e7ce6
     0 | D:5      | 0 ||| qw: Game counter: 10289
     0 | D:5      | 0 ||| qw: Always use a shield: true
     0 | D:5      | 0 ||| qw: God list: Okawaru
     0 | D:5      | 0 ||| qw: Allow faded altars: false
     0 | D:5      | 0 ||| qw: Do Orc after D:15 true
     0 | D:5      | 0 ||| qw: Do second Lair branch before Depths: true
     0 | D:5      | 0 ||| qw: Lair rune preference: random
     0 | D:5      | 0 ||| qw: Plans: Normal
     0 | D:5      | 0 ||| PLANNING D:1-11
     2 | D:5      | Noticed a howler monkey
    19 | D:5      | Killed a howler monkey
    20 | D:5      | Reached skill level 3 in Axes
    20 | D:5      | Reached XP level 2. HP: 9/19 MP: 2/2
    20 | D:5      | Reached XP level 3. HP: 11/23 MP: 3/3
    26 | D:5      | 26 ||| Stepping ~*~*~tactically~*~*~ (stealth).
    27 | D:5      | 27 ||| Stepping ~*~*~tactically~*~*~ (stealth).
    28 | D:5      | 28 ||| Stepping ~*~*~tactically~*~*~ (stealth).
    30 | D:5      | Noticed an ice beast
    33 | D:5      | Reached XP level 4. HP: 8/28 MP: 4/4
    34 | D:5      | HP: 2/28 [iguana (6)]
    34 | D:5      | Mangled by an iguana

Levels and vault maps discovered:
D:5:      cheibrodos_fzero, layout_rooms, mainiacjoe_overflow_chevrons,
          serial_shops, nicolae_stop_n_shop_1, minivault_1, uniq_prince_ribbit1

Skill      XL: |  1 |
---------------+----+-----
Axes           | 3 |  3.9
Fighting       | |  3.2
Dodging        | |  1.5
Stealth        | |  5.4

Action                   |  1- 3 |  4- 6 || total
-------------------------+-------+-------++-------
Melee: Hand axe          |    10 |     1 ||    11
Armor: Leather armour    |     2 |       ||     2
Dodge: Dodged            |     5 |       ||     5

Table legend:
 A = Non-vault XP
 B = Vault XP
 C = Vault XP percentage of total XP
 D = Non-vault monster count
 E = Vault monster count
 F = Vault count percentage of total count
                 A         B        C        D         E       F
            +---------+---------+-------+---------+---------+-------
      Total |      94 |       0 |   0.0 |       2 |       0 |   0.0
            +---------+---------+-------+---------+---------+-------
        D:5 |      94 |       0 |   0.0 |       2 |       0 |   0.0
            +---------+---------+-------+---------+---------+-------
